 Dungeon Crawl Stone Soup version 0.24-a0-123-ga2403f3 (webtiles) character file.

Game seed: 0

266375 emperorscorpion the Slayer (level 20, -4/248 HPs)
             Began as an Ogre Berserker on Feb 14, 2019.
             Was a High Priest of Trog.
             Slain by a quicksilver dragon (11 damage)
             ... on level 5 of the Vaults on Feb 21, 2019.
             The game lasted 01:39:29 (46561 turns).

emperorscorpion the Slayer (Ogre Berserker)        Turns: 46561, Time: 01:39:30

Health: -4/248     AC: 21    Str: 31    XL:     20   Next: 50%
Magic:  20/20      EV: 15    Int:  8    God:    Trog [*****.]
Gold:   3004       SH: 16    Dex: 12    Spells: 19/19 levels left

rFire    + + +     SeeInvis +   g - +14 obsidian axe {chop, +Fly SInv *Curse} (curse)
rCold    . . .     Gourm    .   T - +4 shield {AC+3}
rNeg     . . .     Faith    +   Q - +1 fire dragon scales
rPois    .         Spirit   .   l - +2 hat {MR+}
rElec    .         Reflect  .   k - scarf {repulsion}
rCorr    .         Harm     .   (gloves unavailable)
MR       +++..                  (boots unavailable)
Stlth    ..........             I - amulet of faith
HPRegen  0.51/turn              G - ring of protection from fire
MPRegen  0.17/turn              c - +3 ring of dexterity

@: mesmerised, very slightly contaminated, hasted (expiring), repel missiles,
very quick
A: large, unfitting armour, molten scales 1, cold resistance 1, tough skin 1
}: 1/15 runes: barnacled
a: Berserk, Trog's Hand, Brothers in Arms, Renounce Religion, Evoke Flight


You were on level 5 of the Vaults.
You worshipped Trog.
Trog was extremely pleased with you.
You were near starving.

You visited 6 branches of the dungeon, and saw 33 of its levels.
You also visited: Sewer.

You collected 3703 gold pieces.
You spent 699 gold pieces at shops.

Inventory:

Hand Weapons
 g - the cursed +14 obsidian axe (weapon) {chop, +Fly SInv *Curse}
   (You acquired it on level 1 of the Shoals)

   It inflicts extra damage upon your enemies.
   It lets you see invisible.
   It lets you fly.
   It curses itself when equipped.
   It has a curse placed upon it.
 s - a +0 blowgun
 x - a +6 broad axe of flaming
Missiles
 b - 21 large rocks
 f - 4 needles of sleeping
 u - 16 tomahawks of dispersal
 C - 17 throwing nets
 F - 16 curare-tipped needles
 X - 32 poisoned javelins (quivered)
Armour
 k - a scarf of repulsion (worn)
 l - a +2 hat of magic resistance (worn)
 Q - +1 fire dragon scales (worn)
 T - a +4 shield of protection (worn)
Jewellery
 c - a +3 ring of dexterity (right hand)
 e - an uncursed ring of see invisible
 G - a ring of protection from fire (left hand)
 I - an amulet of faith (around neck)
 K - an uncursed ring of protection from magic
Wands
 w - a wand of acid (9)
 N - a wand of iceblast (13)
 O - a wand of paralysis (18)
 P - a wand of digging (9)
 Y - a wand of clouds (5)
Scrolls
 a - a scroll of summoning
 d - 8 scrolls of identify
 p - 5 scrolls of magic mapping
 r - 18 scrolls of remove curse
 t - 4 scrolls of blinking
 A - 4 scrolls of enchant weapon
 J - 3 scrolls of fear
 L - 11 scrolls of teleportation
Potions
 j - 6 potions of magic
 m - 6 potions of heal wounds
 n - 3 potions of agility
 q - 4 potions of brilliance
 v - 3 potions of lignification
 z - 7 potions of haste
 B - 11 potions of curing
 D - 2 potions of berserk rage
 E - 3 potions of might
 H - 3 potions of cancellation
 M - 4 potions of resistance
 R - 2 potions of ambrosia
 S - 2 potions of flight
 U - a potion of mutation
 V - 2 potions of invisibility
Miscellaneous
 i - a fan of gales
 Z - a sack of spiders
Comestibles
 y - 43 rations


   Skills:
 + Level 25.1 Fighting
 - Level 18.1(18.4) Axes
   Level 6.0(12.6) Maces & Flails
 * Level 11.4 Armour
 + Level 13.7 Dodging
 - Level 1.6 Stealth
 - Level 9.0 Shields


You had 19 spell levels left.
You didn't know any spells.
Your spell library was empty.

Dungeon Overview and Level Annotations

Branches:
Dungeon (15/15)            Temple (0/1) D:4            Lair (6/6) D:11
 Shoals (4/4) Lair:2        Snake (1/4) Lair:4        Slime (0/5) Lair:5
    Orc (2/2) D:9             Elf (0/3) Orc:2        Vaults (5/5) D:14
  Crypt (0/3) Vaults:2     Depths (0/5) D:15

Altars:
Ashenzari
Cheibriados
Fedhas
Okawaru
Ru
Trog
Xom
Beogh

Shops:
D:4 (   D:9 (   D:11 }   D:14 (   Orc:2 [%=**   Shoals:3 =   Vaults:2 =
Vaults:3 *


Innate Abilities, Weirdness & Mutations

You are too large for most types of armour.
You have tough skin. (AC +1)
You are partially covered in molten scales. (AC +2)
Your flesh is cold resistant. (rC+)


Message History

The quicksilver dragon claws you.
* * * LOW HITPOINT WARNING * * *
The stone giant is engulfed in blazing flames.
You block the stone giant's attack.
Your sixfirhy hits the stone giant but does no damage.
Unknown command.
You slash the stone giant!
The stone giant is heavily wounded.
You hit the stone giant. You hit the deep troll.
You slash the quicksilver dragon!
Visions of slaying the quicksilver dragon flood into your mind.
You are engulfed in blazing flames.
You resist.
Your sixfirhy hits the stone giant!
Your sixfirhy shocks the stone giant!
The deep troll is engulfed in blazing flames.
The deep troll bites you!
* * * LOW HITPOINT WARNING * * *
You block the deep troll's attack. x2; The stone giant misses you.
The stone giant is engulfed in blazing flames.
The stone giant misses your sixfirhy. The quicksilver dragon bites you!
You die...

. .
####################....
............(.§T@D......
..............§C)C......
..............3.).§.....
.%%.....................
####################....
+... #.[ ..


You could see a quicksilver dragon, 2 stone giants, a deep troll (berserk) and a
friendly sixfirhy.

Vanquished Creatures
  A tentacled monstrosity (Vaults:5)
  Asterion (Vaults:3)
  A quicksilver dragon (Vaults:5)
  2 sphinxes
  Kirke (D:13)
  A storm dragon (Vaults:4)
  A revenant (Vaults:2)
  A fire giant (Vaults:4)
  A frost giant (Vaults:5)
  12 vault wardens
  An emperor scorpion (shapeshifter) (Vaults:1)
  9 ironheart preservers
  3 very ugly things
  4 stone giants
  The ghost of Wired the Thrower, a journeyman TrHu of Ru (Lair:1)
  An entropy weaver (Vaults:4)
  2 deep elf demonologists (Vaults:4)
  3 dire elephants (Lair:6)
  A merfolk javelineer (Shoals:4)
  An ettin (Vaults:3)
  2 fire dragons
  9 merfolk impalers
  8 yaktaur captains
  A deep elf high priest (Vaults:5)
  2 ice dragons
  Fannar (D:12)
  31 vault guards
  3 naga warriors (Snake:1)
  2 rakshasas
  Harold (D:9)
  Erica (D:8)
  6 hydras
  A catoblepas (Lair:4)
  4 merfolk aquamancers
  2 anacondas
  6 centaur warriors
  22 two-headed ogres
  A death knight (Vaults:2)
  2 satyrs (Shoals:2)
  3 orc high priests (Orc:2)
  A naga sharpshooter (Snake:1)
  A deep troll earth mage (Vaults:4)
  A titan zombie (Vaults:4)
  2 tengu warriors (D:15)
  A shock serpent (Lair:4)
  6 ogre magi
  Sonja (D:12)
  A storm dragon zombie (Vaults:4)
  A shadow wraith (Vaults:2)
  Nergalle (D:11)
  6 deep elf knights (Vaults:4)
  A fire crab (Lair:4)
  7 unseen horrors
  A flayed ghost (Vaults:3)
  A glowing orange brain (Vaults:1)
  A storm dragon skeleton (Vaults:4)
  9 deep trolls (Vaults:4)
  10 sea snakes
  A deep elf archer (Vaults:1)
  2 wizards (Vaults:2)
  A wolf spider zombie (D:15)
  3 necromancers (Vaults:4)
  14 orc knights
  A phantasmal warrior (Vaults:2)
  17 ugly things
  The ghost of zkyp the Ruffian, a novice VSFi (D:7)
  7 ironbrand convokers
  3 wolf spiders
  5 deep elf magi
  4 harpies
  12 manticores
  3 mana vipers (Snake:1)
  5 orc sorcerers
  7 fauns
  2 cyclopes
  A salamander (Snake:1)
  2 moths of wrath (shapeshifter)
  14 black mambas
  33 elephants
  A frost giant zombie (D:15)
  Joseph (D:9)
  10 merfolk sirens
  3 naga magi (Snake:1)
  12 vault sentinels
  A gargoyle (D:13)
  A storm dragon simulacrum (Vaults:3)
  4 water nymphs
  13 spiny frogs
  3 centaur skeletons
  A yaktaur zombie (Vaults:4)
  Psyche (D:11)
  8 komodo dragons
  4 freezing wraiths
  2 rime drakes
  25 yaktaurs
  A redback zombie (D:14)
  An efreet (D:13)
  A tengu conjurer (D:15)
  A guardian mummy (D:15)
  27 merfolk
  11 trolls
  A polar bear (Lair:5)
  2 hornets (shapeshifter)
  A spriggan skeleton (D:15)
  3 hornets
  A blink frog (shapeshifter) (Vaults:4)
  A meliai (D:15)
  4 wind drakes
  Grinder (D:3)
  A wind drake (shapeshifter) (Vaults:1)
  5 snapping turtles
  12 hippogriffs
  10 blink frogs (Lair:6)
  An ettin zombie (D:15)
  A spriggan zombie (D:15)
  19 slime creatures
  A sphinx simulacrum (Vaults:3)
  A dream sheep (Lair:4)
  Sigmund (D:6)
  2 spriggans (shapeshifter)
  A shadow (D:14)
  A redback (Vaults:4)
  56 yaks
  A wraith (D:13)
  15 water elementals
  A tarantella (Vaults:4)
  A wyvern (D:11)
  A fire bat (shapeshifter) (Vaults:4)
  16 humans
  Grum (D:11)
  3 fire elementals
  5 hogs (D:13)
  A human (shapeshifter) (Vaults:1)
  4 basilisks
  4 wargs
  Menkaure (D:6)
  A soldier ant (D:13)
  14 water moccasins
  5 nagas (Snake:1)
  A hell hound (Snake:1)
  A swamp drake (D:9)
  7 porcupines
  5 ice beasts
  9 sky beasts
  32 orc warriors
  An elf zombie (Vaults:4)
  A phantom (D:8)
  2 human zombies (Vaults:4)
  20 ogres
  7 wolves
  16 centaurs
  12 crocodiles
  Blork the orc (D:4)
  17 bullfrogs
  4 scorpions
  17 killer bees
  5 wights (D:8)
  An electric eel (Snake:1)
  3 crimson imps
  2 howler monkeys
  A quasit (D:9)
  A centaur zombie (D:6)
  7 hounds
  29 orc wizards
  A gnoll shaman (D:8)
  32 orc priests
  Crazy Yiuf (D:2)
  3 bullfrog skeletons
  5 jellies
  4 iguanas
  Natasha (thrice) (D:2)
  10 worker ants
  A hound zombie (D:7)
  2 hound skeletons
  A howler monkey zombie (D:8)
  2 worker ant zombies
  A howler monkey skeleton (D:4)
  8 gnolls
  23 adders
  3 shadow imps
  20 oozes
  2 adder skeletons
  2 worms (D:4)
  3 dart slugs
  17 leopard geckos
  122 orcs
  16 giant cockroaches
  5 goblins
  7 hobgoblins
  2 quokkas
  19 ball pythons
  8 bats
  15 frilled lizards
  14 kobolds
  A leopard gecko skeleton (D:4)
  A quokka skeleton (D:9)
  A quokka zombie (D:6)
  7 rats
  A butterfly (Lair:3)
  4 fungi
  27 plants
  2 tentacles (Shoals:4)
1276 creatures vanquished.

Vanquished Creatures (collateral kills)
  A tentacled monstrosity (Vaults:5)
  A kraken (Shoals:4)
  Donald (Vaults:3)
  3 ironheart preservers
  A stone giant (Vaults:3)
  2 very ugly things (Vaults:1)
  2 deep elf annihilators
  An ettin (Vaults:3)
  A merfolk javelineer (Shoals:4)
  A merfolk impaler (Shoals:4)
  A yaktaur captain (Vaults:1)
  3 vault guards
  An ice dragon (Vaults:4)
  A merfolk avatar (Shoals:4)
  An ogre mage (Vaults:3)
  A death knight (D:13)
  A two-headed ogre (Vaults:1)
  A deep elf knight (Vaults:1)
  3 skeletal warriors
  2 flayed ghosts
  A sea snake (Shoals:4)
  A glowing orange brain (shapeshifter) (Vaults:1)
  A deep troll (Vaults:4)
  A deep troll (shapeshifter) (Vaults:1)
  2 ironbrand convokers (Vaults:4)
  A wizard (Vaults:3)
  A deep elf archer (Vaults:4)
  2 harpies (Vaults:5)
  2 deep elf magi (Vaults:4)
  A necromancer (D:15)
  A wolf spider (Vaults:1)
  5 ugly things (Vaults:1)
  A manticore (Shoals:4)
  A cyclops (D:15)
  A human skeleton (Vaults:4)
  A merfolk siren (Shoals:3)
  A water nymph (Shoals:4)
  A yaktaur (Vaults:2)
  10 merfolk
  A hornet (D:15)
  2 meliai (D:15)
  A snapping turtle (Shoals:3)
  A stone giant simulacrum (Vaults:4)
  A hippogriff (Shoals:2)
  A yak (D:13)
  A water elemental (Shoals:2)
  An acid dragon (Vaults:2)
  An orc warrior (Vaults:4)
  7 ogres
  3 centaurs (D:15)
  A hound (D:13)
  An orc wizard (Vaults:4)
  An orc (Vaults:2)
  2 plants (Shoals:2)
  A tentacle (Shoals:4)
90 creatures vanquished.

Vanquished Creatures (others)
  An orc (D:12)
  7 fungi
  19 plants
  5 tentacles (Shoals:4)
  10 withered plants (D:15)
42 creatures vanquished.

Grand Total: 1408 creatures vanquished

Notes
Turn   | Place    | Note
-------+----------+-------------------------------------------
     0 | D:1      | emperorscorpion the Ogre Berserker began the quest for the
                  | Orb.
     0 | D:1      | Reached XP level 1. HP: 24/24 MP: 1/1
     6 | D:1      | Noticed an eight-headed hydra
     6 | D:1      | Noticed a worker ant
   359 | D:1      | Reached XP level 2. HP: 32/32 MP: 2/2
   584 | D:1      | Reached XP level 3. HP: 23/40 MP: 3/3
  1354 | D:2      | Reached XP level 4. HP: 49/49 MP: 4/4
  1369 | D:2      | Noticed Natasha
  1375 | D:2      | Killed Natasha
  1375 | D:2      | Reached ** piety under Trog
  1375 | D:2      | Reached skill level 5 in Fighting
  1805 | D:2      | Found a runed translucent door.
  1806 | D:2      | Noticed Crazy Yiuf
  1814 | D:2      | Killed Crazy Yiuf
  1814 | D:2      | Reached XP level 5. HP: 57/57 MP: 3/5
  1981 | D:2      | Noticed Natasha
  1985 | D:2      | Killed Natasha
  2025 | D:2      | Noticed Natasha
  2037 | D:2      | Killed Natasha
  2152 | D:3      | Found a glowing drain.
  2164 | Sewer    | Entered a sewer
  2556 | Sewer    | Reached XP level 6. HP: 18/66 MP: 6/6
  2901 | Sewer    | Reached *** piety under Trog
  3424 | Sewer    | Reached skill level 5 in Maces & Flails
  3432 | Sewer    | Reached skill level 6 in Fighting
  3432 | Sewer    | Reached XP level 7. HP: 75/75 MP: 7/7
  3712 | D:3      | Found a faded altar of an unknown god.
  3741 | D:3      | Reached **** piety under Trog
  3833 | D:3      | Found a shattered altar of Ashenzari.
  4107 | D:3      | Noticed Grinder
  4118 | D:3      | Killed Grinder
  4191 | D:3      | HP: 2/76 [orc/+2 war axe of electrocution (4)]
  4741 | D:4      | Found a staircase to the Ecumenical Temple.
  4946 | D:4      | Reached skill level 5 in Dodging
  4946 | D:4      | Reached XP level 8. HP: 84/84 MP: 8/8
  4955 | D:4      | Found a bloodstained altar of Trog.
  5066 | D:4      | Found Qiogesew's Antique Weapon Boutique.
  5213 | D:4      | Reached skill level 7 in Fighting
  5295 | D:4      | Reached skill level 1 in Axes
  5428 | D:4      | Noticed Blork the orc
  5435 | D:4      | Killed Blork the orc
  5804 | D:4      | Found an iron altar of Okawaru.
  6046 | D:4      | Found a sacrificial altar of Ru.
  6048 | D:4      | Found a shimmering altar of Xom.
  6098 | D:4      | Found a blossoming altar of Fedhas.
  6215 | D:5      | Entered Level 5 of the Dungeon
  6743 | D:5      | Reached skill level 8 in Fighting
  7073 | D:5      | Upgraded the game from 0.24-a0-106-gcea5463 to
                  | 0.24-a0-108-g011bc4b
  7114 | D:6      | Reached skill level 5 in Axes
  7128 | D:6      | Reached XP level 9. HP: 96/96 MP: 9/9
  7446 | D:6      | Reached ***** piety under Trog
  7459 | D:6      | Noticed Sigmund
  7466 | D:6      | Killed Sigmund
  8386 | D:6      | Noticed Menkaure
  8391 | D:6      | Killed Menkaure
  8391 | D:6      | Reached skill level 9 in Fighting
  8860 | D:7      | Received a gift from Trog
  9244 | D:7      | Found a snail-covered altar of Cheibriados.
  9316 | D:7      | Found a runed translucent gate.
  9317 | D:7      | Found a runed translucent gate.
  9317 | D:7      | Noticed zkyp's ghost (novice VSFi)
  9318 | D:7      | Found a roughly hewn altar of Beogh.
  9318 | D:7      | Found a runed translucent gate.
  9330 | D:7      | Killed zkyp's ghost
  9330 | D:7      | Reached XP level 10. HP: 109/109 MP: 10/10
  9360 | D:7      | Got an ancient mace
  9368 | D:7      | Identified the cursed +3 mace "Biqug" {crush, *Contam rElec
                  | rN+++} (You found it on level 7 of the Dungeon)
 10126 | D:8      | Reached skill level 10 in Fighting
 10828 | D:8      | Reached skill level 10 in Axes
 10941 | D:8      | Noticed Erica
 10953 | D:8      | Killed Erica
 11352 | D:8      | Received a gift from Trog
 11881 | D:8      | Reached skill level 11 in Fighting
 12014 | D:8      | Reached XP level 11. HP: 120/120 MP: 11/11
 12257 | D:9      | Noticed Joseph
 12264 | D:9      | Killed Joseph
 12269 | D:9      | Found Qasch's Antique Weapon Shoppe.
 12676 | D:9      | Noticed a two-headed ogre
 12680 | D:9      | Killed a two-headed ogre
 12897 | D:9      | Noticed Harold
 12913 | D:9      | Killed Harold
 13194 | D:9      | Found a staircase to the Orcish Mines.
 13383 | D:10     | Entered Level 10 of the Dungeon
 13644 | D:10     | Noticed a two-headed ogre
 13652 | D:10     | Killed a two-headed ogre
 13652 | D:10     | Reached skill level 12 in Fighting
 14282 | D:11     | Noticed a six-headed hydra
 14357 | D:11     | Noticed a purple ugly thing
 14373 | D:11     | Killed a purple ugly thing
 14399 | D:11     | Paralysed by a hornet for 3 turns
 14674 | D:11     | Found Poneh's Gadget Shoppe.
 14679 | D:11     | Reached XP level 12. HP: 127/133 MP: 12/12
 14710 | D:11     | Noticed Psyche
 15112 | D:11     | Received a gift from Trog
 15337 | D:11     | Noticed Nergalle
 15453 | Orc:1    | Entered Level 1 of the Orcish Mines
 15705 | Orc:1    | Reached skill level 13 in Fighting
 16257 | Orc:2    | Entered Level 2 of the Orcish Mines
 16371 | Orc:2    | Received a gift from Trog
 16694 | Orc:2    | Noticed an orc high priest
 16997 | Orc:2    | Found Baor's Assorted Antiques.
 17005 | Orc:2    | Bought a scroll of teleportation for 99 gold pieces
 17005 | Orc:2    | Bought a scroll labeled GAEDDALLUQ for 33 gold pieces
 17005 | Orc:2    | Bought a fuming grey potion for 29 gold pieces
 17008 | Orc:2    | Gained mutation: You tend to lose your temper in combat.
                  | [potion of mutation]
 17008 | Orc:2    | Gained mutation: You often lose your temper in combat.
                  | [potion of mutation]
 17008 | Orc:2    | Gained mutation: Your muscles are strong. (Str +2) [potion
                  | of mutation]
 17008 | Orc:2    | Gained mutation: You have very sharp teeth. [potion of
                  | mutation]
 17010 | Orc:2    | Lost mutation: Your muscles are strong. (Str +2) [potion of
                  | mutation]
 17010 | Orc:2    | Lost mutation: You often lose your temper in combat.
                  | [potion of mutation]
 17010 | Orc:2    | Lost mutation: You tend to lose your temper in combat.
                  | [potion of mutation]
 17010 | Orc:2    | Lost mutation: You have very sharp teeth. [potion of
                  | mutation]
 17010 | Orc:2    | Gained mutation: You are partially covered in molten
                  | scales. (AC +2) [potion of mutation]
 17010 | Orc:2    | Gained mutation: Your flesh is cold resistant. (rC+)
                  | [potion of mutation]
 17255 | Orc:2    | Killed an orc high priest
 17309 | Orc:2    | Noticed an orc high priest
 17822 | Orc:2    | Killed an orc high priest
 18380 | Orc:2    | Reached skill level 14 in Fighting
 18404 | Orc:2    | Noticed an orc high priest
 18444 | Orc:2    | Killed an orc high priest
 18580 | Orc:2    | Reached XP level 13. HP: 144/146 MP: 13/13
 18592 | Orc:2    | Found Xuontemn's Assorted Antiques.
 18592 | Orc:2    | Found Ufuddam's Antique Armour Emporium.
 18595 | Orc:2    | Found Woaqauka's Jewellery Shop.
 18595 | Orc:2    | Found Batit's Food Shop.
 18787 | Orc:2    | Bought a scroll of blinking for 202 gold pieces
 18787 | Orc:2    | Bought a scroll of teleportation for 81 gold pieces
 18860 | Orc:2    | Found a staircase to the Elven Halls.
 19013 | Orc:2    | Upgraded the game from 0.24-a0-108-g011bc4b to
                  | 0.24-a0-114-g5d539f0
 19152 | D:11     | Killed Psyche
 19152 | D:11     | Reached skill level 15 in Axes
 19275 | D:11     | Noticed Grum
 19287 | D:11     | Killed Grum
 19287 | D:11     | Received a gift from Trog
 19370 | D:11     | Found a staircase to the Lair.
 20113 | D:12     | Noticed Fannar
 20163 | D:12     | Killed Fannar
 20288 | D:12     | Noticed Sonja
 20301 | D:11     | Killed Nergalle
 20301 | D:11     | Reached skill level 15 in Fighting
 20628 | D:12     | Killed Sonja
 20704 | D:12     | Upgraded the game from 0.24-a0-114-g5d539f0 to
                  | 0.24-a0-120-g429d40e
 21296 | D:13     | You fall through a shaft for 2 floors!
 21296 | D:15     | Entered Level 15 of the Dungeon
 21296 | D:15     | Found a staircase to the Depths.
 21297 | D:15     | Upgraded the game from 0.24-a0-120-g429d40e to
                  | 0.24-a0-123-ga2403f3
 21307 | D:15     | Paralysed by a hornet for 3 turns
 21351 | D:14     | You fall through a shaft!
 22214 | D:15     | Reached XP level 14. HP: 126/161 MP: 14/14
 22519 | D:15     | Found the +10 Black Knight's horse barding {ponderous,
                  | rPois rN+}
 22594 | D:14     | Found a gate to the Vaults.
 22601 | D:15     | Reached skill level 16 in Fighting
 22870 | D:14     | Reached skill level 1 in Armour
 23370 | D:13     | Noticed Kirke
 23388 | D:13     | Killed Kirke
 23409 | D:13     | Reached skill level 1 in Shields
 24121 | D:14     | Received a gift from Trog
 24134 | D:14     | Reached skill level 17 in Fighting
 24619 | D:14     | Found Jaubol's Antique Weapon Emporium.
 25718 | D:14     | Bought a runed morningstar for 175 gold pieces
 25924 | Lair:1   | Entered Level 1 of the Lair of Beasts
 26434 | Lair:1   | Reached XP level 15. HP: 174/174 MP: 15/15
 26536 | Lair:1   | Found a runed translucent gate.
 26536 | Lair:1   | Found a runed translucent gate.
 26536 | Lair:1   | Found a runed translucent gate.
 26536 | Lair:1   | Noticed Wired's ghost (journeyman TrHu)
 26550 | Lair:1   | Killed Wired's ghost
 26967 | Lair:2   | Reached skill level 10 in Dodging
 27832 | Lair:2   | Found a staircase to the Shoals.
 28322 | Lair:3   | Received a gift from Trog
 28759 | Lair:4   | Found a staircase to the Snake Pit.
 29106 | Lair:4   | Reached skill level 1 in Stealth
 29281 | Lair:4   | Reached ****** piety under Trog
 29371 | Lair:4   | Reached skill level 18 in Fighting
 30775 | Lair:5   | Reached skill level 5 in Shields
 30865 | Lair:5   | Found a staircase to the Slime Pits.
 30870 | Lair:5   | Received a gift from Trog
 31073 | Lair:6   | Entered Level 6 of the Lair of Beasts
 31520 | Lair:6   | Reached XP level 16. HP: 137/188 MP: 5/16
 32939 | Snake:1  | Entered Level 1 of the Snake Pit
 33217 | Snake:1  | Reached skill level 19 in Fighting
 33234 | Snake:1  | Received a gift from Trog
 33239 | Snake:1  | Identified the +2 longbow "Jaenned" {venom, rF- rC++ MR+++
                  | Int-5} (Trog gifted it to you on level 1 of the Snake Pit)
 33701 | Shoals:1 | Entered Level 1 of the Shoals
 34973 | Shoals:1 | Identified a scroll of acquirement
 34974 | Shoals:1 | Found the +14 obsidian axe {chop, +Fly SInv *Curse}
 35284 | Shoals:2 | Received a gift from Trog
 36263 | Shoals:3 | Reached XP level 17. HP: 169/198 MP: 17/17
 36546 | Shoals:3 | Found Giseilyxi's Jewellery Shoppe.
 36600 | Shoals:3 | Received a gift from Trog
 37154 | Shoals:4 | Entered Level 4 of the Shoals
 37501 | Shoals:4 | Noticed a kraken
 37510 | Shoals:4 | Killed a kraken
 37520 | Shoals:4 | Reached skill level 20 in Fighting
 37547 | Shoals:4 | Reached skill level 5 in Armour
 37549 | Shoals:4 | Received a gift from Trog
 38410 | Shoals:4 | Got a barnacled rune of Zot
 38686 | Vaults:1 | Entered Level 1 of the Vaults
 39045 | Vaults:1 | Reached skill level 21 in Fighting
 39062 | Vaults:1 | Received a gift from Trog
 39298 | Vaults:1 | Reached XP level 18. HP: 187/215 MP: 18/18
 40203 | Vaults:1 | Reached skill level 22 in Fighting
 40457 | Vaults:2 | Received a gift from Trog
 40467 | Vaults:2 | Found Tetiddif's Jewellery Emporium.
 40929 | Vaults:2 | Found a staircase to the Crypt.
 41313 | Vaults:2 | Received a gift from Trog
 41723 | Vaults:3 | Identified the cursed +0 shield of Wrong Decisions {Dex+4}
 41723 | Vaults:3 | Noticed Donald
 41734 | Vaults:3 | Killed Donald
 41877 | Vaults:3 | Got a shimmering shield
 41878 | Vaults:3 | Identified the +5 shield of Eternal Vigilance {Int+6} (You
                  | acquired it on level 3 of the Vaults)
 42002 | Vaults:3 | Found Pase's General Store.
 42005 | Vaults:3 | Bought a potion of might for 80 gold pieces
 42285 | Vaults:3 | Reached skill level 23 in Fighting
 42293 | Vaults:3 | Reached XP level 19. HP: 113/231 MP: 19/19
 42620 | Vaults:3 | Received a gift from Trog
 42909 | Vaults:3 | Noticed Asterion
 42914 | Vaults:3 | Killed Asterion
 44176 | Vaults:4 | Noticed an Ice Fiend
 44193 | Vaults:4 | Received a gift from Trog
 44434 | Vaults:4 | Reached skill level 10 in Armour
 44740 | Vaults:4 | Reached skill level 24 in Fighting
 45847 | Vaults:4 | Received a gift from Trog
 45874 | Vaults:4 | Reached XP level 20. HP: 174/245 MP: 20/20
 46494 | Vaults:5 | Entered Level 5 of the Vaults
 46505 | Vaults:5 | HP: 11/247 [vault guard/exploding inner flame[the player
                  | character] (5)]
 46505 | Vaults:5 | HP: 4/247 [vault guard/exploding inner flame[the player
                  | character] (3)]
 46505 | Vaults:5 | Received a gift from Trog
 46505 | Vaults:5 | Reached skill level 25 in Fighting
 46561 | Vaults:5 | HP: 7/248 [deep troll[the player character] (17)]
 46561 | Vaults:5 | Slain by a quicksilver dragon

Levels and vault maps discovered:
D:1:      onia_arrival_zoo_common, layout_basic, grunt_decor_resistance
D:2:      lemuel_upstairs_altar, layout_loops_ring, minivault_14, uniq_robin,
          uniq_natasha, uniq_crazy_yiuf_cottage
D:3:      layout_loops_cross, nicolae_overflow_crystal_walls,
          chequers_ecumenical_altar_simple_redux, cheibrodos_sewer_entry_sluice,
          first_ration, uniq_grinder
D:4:      layout_basic, okawaru_trees_1, marbit_many_paths, minitemple,
          minmay_temple_entry_ruins, serial_shops, kennysheep_mini,
          uniq_blork_the_orc
D:5:      layout_loops_ring, hangedman_abyss_or_decor_jellyfish_corner,
          minmay_crystal_room
D:6:      layout_rooms, uniq_sigmund, uniq_menkaure
D:7:      layout_gridville, biasface_ghost_orc_armoury, basic_altar,
          grunt_ogre_cave
D:8:      layout_loops_ring, uniq_erica
D:9:      layout_cave_pools, erik_orc_1, serial_shops, shop, uniq_harold,
          uniq_joseph
D:10:     layout_roguey
D:11:     layout_rooms, david_lair_shrubbed, serial_shops, shop, uniq_nergalle,
          uniq_grum, uniq_psyche
D:12:     layout_basic, uniq_fannar, uniq_sonja
D:13:     layout_loops_corners, serial_glass, glass_columns_a, glass_columns_b,
          gauntlet_entry_generic, minivault_20, dk_noncrumbling_2, uniq_kirke
D:14:     layout_stronghold, david_vaults_3, serial_shops, shop_fountains,
          st_stairs_14
D:15:     gammafunk_depths_entry_grave, layout_basic, minivault_25, st_stairs_4
Lair:1:   layout_long_grid, ebering_ghost_rock_garden
Lair:2:   layout_loops_ring, minmay_shoals_entry_lonely_mermaid,
          cheibrodos_lair_caveside_slide
Lair:3:   layout_regular_city, chequers_serial_rivers_micro_b,
          grunt_megastairs_1, lemuel_fruit_fields
Lair:4:   layout_misc_corridors, minmay_snake_entry_six_corridors,
          minmay_shattered_shrine
Lair:5:   layout_misc_corridors, nicolae_slime_entry_slimehenge,
          beast_lair_carwin_8
Lair:6:   due_jungle_book, layout_small_grid, serial_bayou_crossing
Shoals:1: layout_shoals
Shoals:2: layout_shoals
Shoals:3: layout_shoals, serial_shops, shop
Shoals:4: shoals_end_simple, layout_shoals
Snake:1:  layout_rooms, serial_bayou_pond_b, uniq_azrael
Orc:1:    layout_caves
Orc:2:    st_orc_elflike, layout_diamond_mine, serial_shops, shop
Vaults:1: v_alt_pattern_6, vaults_room_pools, vaults_room_glass_cross,
          vaults_dpeg_hooks, hangedman_vaults_unwind,
          nicolae_vaults_ring_of_whatevers, nicolae_vaults_back_hallway,
          nicolae_vaults_three_branches, grunt_vaults_focal,
          layout_vaults_omnigrid
Vaults:2: v_misc_10, vaults_room_door_hall, hangedman_vaults_pinch,
          minmay_crypt_entry_simple_round, nicolae_vaults_yaktaur_gun_rack,
          v_misc_2, nicolae_vaults_little_squares_4, v_alt_pattern_2,
          ontoclasm_vaults_misaligned, vaults_dpeg_encased_lava, v_misc_24,
          layout_vaults_maze, serial_shops, shop
Vaults:3: nicolae_vaults_little_squares_5, st_spiral_rooms, v_misc_31, v_misc_1,
          dpeg_vaults_monster_box, vaults_room_pool,
          nicolae_vaults_little_squares_1, vaults_room_grunt_arrival_checkpoint,
          layout_vaults_chaotic_city, serial_shops, nicolae_shop_behind_doors,
          uniq_asterion, uniq_donald
Vaults:4: st_octagons_2, v_misc_24, ontoclasm_vaults_gateway, v_misc_12,
          v_misc_5, grunt_vaults_hallway_short,
          nicolae_vaults_windows_and_doors_thing, v_misc_12, v_misc_10,
          ontoclasm_vaults_idyll, hangedman_vaults_nodes,
          ontoclasm_vaults_pinch, hangedman_vaults_corner_blocks,
          layout_vaults_big_cross
Vaults:5: serial_shops
Sewer:    sewer_frog_island_02

Skill      XL: |  1  2  3  4  5  6  7  8  9 10 11 12 13 14 15 16 17 18 19 20 |
---------------+-------------------------------------------------------------+-----
Maces & Flails | 3 4 5 6 |  6.0
Dodging        | 3 4 5 6 7 8 9 10 11 12 13 | 13.7
Fighting       | 5 6 8 9 11 12 14 15 17 18 19 21 23 24 25 | 25.1
Axes           | 5 8 11 13 14 16 17 18 | 18.1
Armour         | 3 4 5 8 10 11 | 11.4
Shields        | 3 5 8 9 |  9.0
Stealth        | 1 |  1.6

Action                   |  1- 3 |  4- 6 |  7- 9 | 10-12 | 13-15 | 16-18 | 19-21 || total
-------------------------+-------+-------+-------+-------+-------+-------+-------++-------
Melee: Mace              |    75 |   204 |    98 |       |       |       |       ||   377
       War axe           |       |       |   238 |   555 |   966 |   378 |       ||  2137
       Dire flail        |       |       |       |       |     8 |       |       ||     8
       Giant spiked club |       |       |       |       |     5 |       |       ||     5
       Demon whip        |       |       |       |       |    17 |     7 |       ||    24
       Flail             |       |       |       |       |    12 |       |       ||    12
       Broad axe         |       |       |       |       |       |   680 |   344 ||  1024
Throw: Tomahawk          |       |       |       |     1 |     1 |     8 |       ||    10
       Large rock        |       |       |       |       |     5 |     3 |       ||     8
       Javelin           |       |       |       |       |       |    21 |     3 ||    24
Invok: Berserk           |     5 |     6 |     9 |    22 |    20 |     2 |     1 ||    65
       Trog's Hand       |       |     1 |     2 |     3 |     3 |    10 |     2 ||    21
       Brothers in Arms  |       |       |       |     1 |     5 |     6 |     7 ||    19
Evoke: Wand              |       |       |       |       |     7 |     6 |     1 ||    14
  Use: Potion            |       |     4 |       |     2 |     1 |       |     5 ||    12
       Scroll            |       |       |    11 |     6 |    20 |    13 |     3 ||    53
 Stab: Sleeping          |       |     1 |     2 |     1 |     1 |       |       ||     5
       Distracted        |       |     1 |       |       |     1 |     9 |     5 ||    16
       Paralysed         |       |       |       |       |     1 |       |       ||     1
  Eat: Chunk             |     5 |    13 |    25 |    45 |    57 |    37 |    12 ||   194
       Ration            |       |       |     1 |     2 |     2 |     2 |     1 ||     8
Armor: Animal skin       |    21 |    79 |    57 |    55 |     9 |       |       ||   221
       Robe              |       |       |       |       |    35 |       |       ||    35
       Skin              |       |       |       |       |    20 |       |       ||    20
       Troll leather arm |       |       |       |       |   207 |   171 |       ||   378
       Fire dragon scale |       |       |       |       |       |    33 |    87 ||   120
Dodge: Dodged            |    51 |   195 |   166 |   237 |   347 |   318 |   110 ||  1424
       Deflected         |       |       |     6 |    16 |    18 |    53 |     9 ||   102
Block: Shield            |       |       |       |       |   349 |   601 |   214 ||  1164

Table legend:
 A = Non-vault XP
 B = Vault XP
 C = Vault XP percentage of total XP
 D = Non-vault monster count
 E = Vault monster count
 F = Vault count percentage of total count
                 A         B        C        D         E       F
            +---------+---------+-------+---------+---------+-------
      Total |  251345 |  194593 |  43.6 |     905 |     424 |  31.9
            +---------+---------+-------+---------+---------+-------
        D:1 |      41 |       0 |   0.0 |      24 |       0 |   0.0
        D:2 |     130 |      77 |  37.2 |      15 |       2 |  11.8
        D:3 |     168 |     281 |  62.6 |      31 |       3 |   8.8
        D:4 |     552 |      96 |  14.8 |      31 |       1 |   3.1
        D:5 |     447 |       0 |   0.0 |      12 |       0 |   0.0
        D:6 |    1099 |     400 |  26.7 |      24 |       2 |   7.7
        D:7 |     824 |    1078 |  56.7 |      24 |       9 |  27.3
        D:8 |    2961 |     970 |  24.7 |      58 |       1 |   1.7
        D:9 |    3330 |    2036 |  37.9 |      21 |      19 |  47.5
       D:10 |    2461 |       0 |   0.0 |      22 |       0 |   0.0
       D:11 |    6787 |    2095 |  23.6 |      32 |       7 |  17.9
       D:12 |    3456 |    1792 |  34.1 |      22 |       2 |   8.3
       D:13 |    9509 |    4314 |  31.2 |      42 |       8 |  16.0
       D:14 |    5057 |    5309 |  51.2 |      20 |      14 |  41.2
       D:15 |   11655 |    5751 |  33.0 |      32 |      18 |  36.0
     Lair:1 |    1658 |    1296 |  43.9 |       6 |       1 |  14.3
     Lair:2 |    6633 |     466 |   6.6 |      22 |       1 |   4.3
     Lair:3 |    1983 |     214 |   9.7 |      10 |       2 |  16.7
     Lair:4 |    7040 |    6450 |  47.8 |      20 |      28 |  58.3
     Lair:5 |   11385 |    2117 |  15.7 |      36 |      13 |  26.5
     Lair:6 |   17555 |    2943 |  14.4 |      45 |       5 |  10.0
   Shoals:1 |   10896 |       0 |   0.0 |      26 |       0 |   0.0
   Shoals:2 |    7395 |       0 |   0.0 |      16 |       0 |   0.0
   Shoals:3 |   13219 |       0 |   0.0 |      31 |       0 |   0.0
   Shoals:4 |   10951 |   15981 |  59.3 |      24 |      34 |  58.6
    Snake:1 |   10359 |    1243 |  10.7 |      21 |       5 |  19.2
      Orc:1 |    2517 |      39 |   1.5 |      43 |       1 |   2.3
      Orc:2 |    1158 |    8479 |  88.0 |      24 |      24 |  50.0
   Vaults:1 |   35597 |   11461 |  24.4 |      57 |      14 |  19.7
   Vaults:2 |   17557 |   14985 |  46.0 |      41 |      23 |  35.9
   Vaults:3 |   22156 |   26284 |  54.3 |      32 |      27 |  45.8
   Vaults:4 |   20280 |   41394 |  67.1 |      34 |      61 |  64.2
   Vaults:5 |    4529 |   36612 |  89.0 |       7 |      31 |  81.6
      Sewer |       0 |     430 | 100.0 |       0 |      68 | 100.0
            +---------+---------+-------+---------+---------+-------
